 Dungeon Crawl Stone Soup version 0.29.1-2-gbd0b4ee654 (webtiles) character file.

Game seed: 13600409521409057360

154 Icepheonix32 the Insei (level 5, -1/33 HPs)
             Began as an Octopode Transmuter on Nov 18, 2022.
             Slain by an orc
             ... wielding a +0 flail
              (3 damage)
             ... on level 3 of the Dungeon.
             The game lasted 00:03:21 (2389 turns).

Icepheonix32 the Insei (Octopode Transmuter)        Turns: 2389, Time: 00:03:22

Health: -1/33      AC:  1    Str: 10    XL:     5   Next: 35%
Magic:  9/9        EV: 13    Int: 15    God:
Gold:   102        SH:  0    Dex: 14    Spells: 3/9 levels left

rFire   . . .      SeeInvis .     - Unarmed
rCold   . . .      Faith    .   (no shield)
rNeg    . . .      Spirit   .   (helmet restricted)
rPois   .          Reflect  .   (no amulet)
rElec   .          Harm     .   (no ring)
rCorr   .          Rampage  .   (no ring)
Will    .....                   (no ring)
Stlth   +++.......              (no ring)
HPRegen 0.11/turn               (no ring)
MPRegen 0.11/turn               (no ring)
                                (no ring)
                                (no ring)

@: attractive
A: almost no armour, amphibious, 8 rings, camouflage 1, gelatinous body 1,
(nimble swimmer 1), tentacles
a: no special abilities


You were on level 3 of the Dungeon.
You visited 1 branch of the dungeon, and saw 3 of its levels.

You collected 102 gold pieces.

Inventory:

Missiles
 m - a throwing net
Wands
 q - a wand of polymorph (11)
Scrolls
 b - 2 scrolls of fear {unknown}
 f - a scroll of amnesia {unknown}
 g - a scroll of poison {unknown}
 i - 2 scrolls of immolation {unknown}
 j - 3 scrolls of teleportation {unknown}
 k - 5 scrolls of identify {unknown}
 l - a scroll of summoning {unknown}
 p - 3 scrolls of silence {unknown}
Potions
 d - a potion of resistance {unknown}
 e - a potion of heal wounds {unknown}
 h - a potion of cancellation {unknown}
 n - a potion of flight {unknown}
 o - 3 potions of curing {unknown}


   Skills:
 + Level 1.1 Fighting
 + Level 2.5 Dodging
 + Level 2.0 Stealth
 + Level 4.4 Unarmed Combat
 + Level 2.6 Spellcasting
 + Level 2.7 Transmutations


You had 3 spell levels left.
You knew the following spells:

 Your Spells              Type           Power      Damage    Failure   Level
a - Beastly Appendage     Tmut           20%        N/A       7%          1
b - Spider Form           Tmut/Pois      6%         N/A       34%         3
c - Wereblood             Tmut           10%        N/A       11%         2

Your spell library contained the following spells:

 Spells                   Type           Power      Damage    Failure   Level
 Necrotise                Necr           4%         1d4       22%         1
 Static Discharge         Conj/Air       1%         3-4/arc   32%         2
 Ozocubu's Armour         Ice            1%         N/A       54%         3
 Vampiric Draining        Necr           1%         2d6       54%         3
 Ice Form                 Ice/Tmut       6%         N/A       75%         4
 Agony                    Necr           1%         N/A       99%         5
 Lightning Bolt           Conj/Air       0%         1d11      99%         5
 Metabolic Englaciation   Hex/Ice        0%         N/A       99%         5
 Simulacrum               Ice/Necr       0%         N/A       100%        6
 Maxwell's Capacitive Co  Air            0%         ∞         100%        8


Dungeon Overview and Level Annotations

Branches:
Dungeon (3/15)

Altars:
The Shining One


Innate Abilities, Weirdness & Mutations

You cannot wear most types of armour.
You are amphibious.
You can wear up to eight rings at the same time.
Your skin changes colour to match your surroundings (Stealth+).
Your rubbery body absorbs attacks. (AC +1, EV +1)
((You are camouflaged when in or above water. (Stealth+)))
You have tentacles for arms and can constrict up to eight enemies at once.


Message History

Found a dagger.
Found a stone staircase leading down.
You feel sick.
You tentacle-slap the kobold but do no damage.
Your grab misses the kobold. Your squeeze misses the kobold.
You feel sick. The kobold hits you with a +0 dagger.
You bludgeon the kobold!
You kill the kobold!
You feel sick.
Unknown command.
You feel sick.
Your transformation is almost over.
You feel sick.
You pick up a book of Lightning and begin reading...
You add the spells Static Discharge, Lightning Bolt and Maxwell's Capacitive Coupling to your library.
You feel sick.
You feel sick.
You feel sick.
You feel sick.
You are no longer poisoned.
An orc comes into view. It is wielding a +0 flail.
Unknown command.
You are too injured to fight recklessly!
You are too injured to fight recklessly!
Unknown command.
Your tentacle spike disappears.
The orc hits you with a +0 flail!
* * * LOW HITPOINT WARNING * * *
You closely miss the orc. You grab the orc.
You tentacle-slap the orc, but do no damage.
You constrict the orc, but do no damage.
The orc closely misses you.
You tentacle-slap the orc but do no damage.
You tentacle-slap the orc, but do no damage.
You constrict the orc, but do no damage.
The orc closely misses you.
It was a potion of attraction.
You feel attractive to monsters.
You constrict the orc.
An orc wizard comes into view. It is wielding a +0 dagger.
The orc hits you with a +0 flail.
You die...

#..##..........#......
#..##†..####+..#....###
##.......####.#..#....#
>....##.............#..
.##..##.............#...
...................# #.
###.###.o........ ###..#
#o######### #.....##@#
..)....#.#######
................
........†.######
........#.# .......)#.#
........... ............
........#.###


You could see an orc wizard (wandering) and an orc.

Vanquished Creatures
  Jessica (D:2)
  Robin (D:2)
  4 gnolls
  A white imp (D:3)
  2 dart slugs
  5 ball pythons
  3 endoplasms
  4 giant cockroaches
  12 goblins
  6 hobgoblins
  3 quokkas
  3 bats
  3 frilled lizards
  2 goblin skeletons (D:3)
  4 hobgoblin zombies (D:3)
  4 kobolds
  A kobold skeleton (D:3)
  A kobold zombie (D:3)
  2 orc skeletons (D:3)
  An orc zombie (D:3)
  6 rats
69 creatures vanquished.

Notes
Turn   | Place    | Note
-------+----------+-------------------------------------------
     0 | D:1      | Icepheonix32 the Octopode Transmuter began the quest for
                  | the Orb.
     0 | D:1      | Reached XP level 1. HP: 13/13 MP: 3/3
   360 | D:1      | Reached XP level 2. HP: 18/18 MP: 3/5
   383 | D:1      | Found a faded altar of an unknown god.
   544 | D:1      | Reached XP level 3. HP: 23/23 MP: 4/6
  1446 | D:2      | Noticed Robin
  1451 | D:2      | Reached skill level 1 in Stealth
  1463 | D:2      | Killed Robin
  1464 | D:2      | Reached XP level 4. HP: 28/28 MP: 7/7
  1655 | D:2      | Noticed Jessica
  1666 | D:2      | Reached skill level 4 in Unarmed Combat
  1688 | D:2      | Killed Jessica
  1689 | D:2      | Reached XP level 5. HP: 33/33 MP: 8/8
  2080 | D:3      | Found a glowing golden altar of the Shining One.
  2111 | D:3      | Learned a level 3 spell: Spider Form
  2114 | D:3      | Learned a level 2 spell: Wereblood
  2389 | D:3      | Slain by an orc

Illustrated notes

Levels and vault maps discovered:
D:1:      amcnicky_arrival_flooded_fountain, layout_basic,
          hellmonk_ecumenical_altar_zigzags
D:2:      layout_basic, uniq_robin, uniq_jessica
D:3:      layout_rooms, nicolae_tso_besieged_by_evil

Skill      XL: |  1  2  3  4  5 |
---------------+----------------+-----
Stealth        | 1 2 |  2.0
Unarmed Combat | 4 |  4.4
Fighting       | |  1.1
Dodging        | |  2.5
Spellcasting   | |  2.6
Transmutations | |  2.7

Action                   |  1- 3 |  4- 6 || total
-------------------------+-------+-------++-------
Melee: Unarmed           |    68 |    52 ||   120
       Kick              |    13 |    13 ||    26
       Constrict         |    18 |    16 ||    34
       Tentacles         |    10 |     7 ||    17
       Punch             |     2 |     2 ||     4
 Cast: Beastly Appendage |    16 |     9 ||    25
  Use: Potion            |     1 |     2 ||     3
 Stab: Sleeping          |     6 |     1 ||     7
Armor: Skin              |    25 |    15 ||    40
Dodge: Dodged            |    23 |    23 ||    46
